[Event "4NCL Div 2 2024-25"]
[Site "England"]
[Date "2025.02.15"]
[Round "5.30"]
[White "Gibbs, Dominic V"]
[Black "Hng, Mei-Xian Eunice"]
[Result "1-0"]
[Annotator "TA"]
[ECO "C00"]
[WhiteElo "1980"]
[BlackElo "2082"]
[PlyCount "41"]
[EventDate "2024.11.23"]
[EventType "team-tourn"]
[EventCountry "ENG"]
[SourceTitle "playchess.com"]
[Source "ChessBase"]
[SourceQuality "1"]
[TimeControl "40/6000+30:3000+30"]

1. Nf3 Nf6 2. g3 d5 3. Bg2 e6 4. O-O Be7 5. d3 O-O 6. Nbd2 c5 7. e4 Nc6 8. Re1 Qc7 9. e5 Nd7 10. Qe2 b5 11. Nf1 a5 12. Bf4 {[%emt 0:05:37] C00: French: Unusual White 2nd moves.} Re8 13. h4 Ba6 14. Ne3 {[%emt 0:03:13][%cal Oe3d5] The position is equal.} Nb6 (14... Ncxe5 15. Nxe5 (15. Nxd5 exd5 16. Bxe5 Qb7 $17) 15... Nxe5 16. Nxd5 exd5 17. Qxe5 $11 (17. Bxe5 Qd7 $11)) 15. Ng5 $146 ({Predecessor:} 15. Ng4 b4 16. Qd2 c4 17. Nf6+ Bxf6 18. exf6 e5 19. Bg5 Qd6 20. fxg7 Kxg7 21. d4 {1-0 Hillarp Persson,T (2543)-Vas,P (2297) Oslo Sveins op 4th 2011 (3)}) 15... Bxg5 ({Black should play} 15... h6 $1 $15 16. Qh5 hxg5 17. hxg5 g6 (17... Nxe5 $2 {perishes.} 18. Ng4 $18)) 16. hxg5 $14 Ne7 17. Qh5 Ng6 $1 18. Ng4 {[%emt 0:05:23] Bf3 is in the air} Kh8 {[%emt 0:12:42] [#]} (18... Bb7 $11) 19. Bf3 $1 $16 {[%emt 0:06:18] and Kg2 should not be overlooked White is more active.} Rg8 $2 {[%emt 0:06:12] [#]} (19... Rec8 $16) 20. Kg2 $1 $18 {[%emt 0:18:27] White wants to mate with Rh1.} f6 $2 {[%emt 0:00:58] [#]} (20... Nd7 21. Rh1 Ndf8) 21. Qxg6 $1 {[%emt 0:01:58] White took control after the opening.   Weighted Error Value: White=0.03 (flawless) /Black=1.06  Loses game:     	---       	Black=1      Mistake:       	---       	Black=3      Inaccurate:     	White=1     	Black=1      OK:         	White=2     	Black=2      Best:        	White=2     	---        Strong:       	White=2     	Black=1} 1-0

[Event "4NCL Div 2 2024-25"]
[Site "England"]
[Date "2025.02.15"]
[Round "5.31"]
[White "Turner, Lewis A"]
[Black "Gilmore, Simon N"]
[Result "1-0"]
[Annotator "TA"]
[ECO "B12"]
[WhiteElo "1984"]
[BlackElo "1959"]
[PlyCount "57"]
[EventDate "2024.11.23"]
[EventType "team-tourn"]
[EventCountry "ENG"]
[SourceTitle "playchess.com"]
[Source "ChessBase"]
[SourceQuality "1"]
[TimeControl "40/6000+30:3000+30"]

1. e4 c6 2. d4 d5 3. e5 Bf5 4. Nd2 e6 5. Nb3 Nd7 6. Be2 {[%emt 0:01:56] B12: Caro-Kann: Advance Variation.} Ne7 7. Nf3 Bg4 8. Bg5 $146 {[%emt 0:03:50] White is slightly better.} ({Predecessor:} 8. O-O Nf5 9. h3 Bxf3 10. Bxf3 g6 11. Re1 h5 12. Be2 f6 13. exf6 Qxf6 14. c4 {0-1 Perunovic,M (2602)-Ding,L (2742) Olympiad-41 Tromsoe 2014 (7.1)}) 8... Qb6 9. c3 Nf5 10. Nfd2 Bxe2 11. Qxe2 h6 12. Bf4 Be7 13. O-O O-O (13... a5 $11) 14. g4 $14 Nh4 15. Bg3 c5 16. Rab1 (16. dxc5 {keeps more tension.} Nxc5 17. Nxc5 Qxc5 18. Nb3) 16... Ng6 17. f4 f5 18. exf6 Bxf6 19. Nf3 (19. f5 $14 exf5 20. gxf5) 19... Rae8 (19... Be7 $11) 20. Qc2 Nh8 21. g5 Be7 {[%emt 0:04:54] Loses the game.} ({Black should try} 21... hxg5 $14 22. fxg5 Be7) 22. gxh6 $18 gxh6 (22... g6 $16 23. c4 cxd4) 23. Kh1 c4 24. Nbd2 Rf5 25. Rg1 Qd8 (25... Kh7 {might work better.} 26. Nf1 Nf6) 26. Nf1 {[%emt 0:00:47] White is clearly winning.} Nf6 27. Ne3 {[%emt 0:01:24] [#] Threatens to win with Bh4+.} Rh5 (27... Ne4 $142 28. Bh4+ Kf7 29. Bxe7 Rxe7) 28. Bh4+ Kf8 29. Qg2 {[%emt 0:00:26] Weighted Error Value: White=0.12 (very precise) /Black=0.92  Mistake:       	White=1     	Black=6      Inaccurate:     	White=3     	Black=4      OK:         	White=7     	Black=4      Best:        	White=3     	Black=1} 1-0

[Event "4NCL Div 2 2024-25"]
[Site "England"]
[Date "2025.02.15"]
[Round "5.32"]
[White "Latypova, Olga L"]
[Black "Taylor, William J"]
[Result "1/2-1/2"]
[Annotator "TA"]
[ECO "B33"]
[WhiteElo "1831"]
[BlackElo "1994"]
[PlyCount "54"]
[EventDate "2024.11.23"]
[EventType "team-tourn"]
[EventCountry "ENG"]
[SourceTitle "playchess.com"]
[Source "ChessBase"]
[SourceQuality "1"]
[TimeControl "40/6000+30:3000+30"]

1. e4 c5 2. Nf3 Nc6 3. d4 cxd4 4. Nxd4 Nf6 5. Nc3 e5 6. Ndb5 d6 7. Bg5 a6 8. Na3 b5 9. Nd5 Be7 10. Bxf6 Bxf6 11. c4 b4 12. Nc2 a5 13. Be2 {[%emt 0:02:31] The position is equal.} O-O {[%emt 0:00:19] B33: Sicilian: Pelikan and Sveshnikov Variations.} 14. O-O Bg5 15. Bg4 Bb7 16. Qd3 Nb8 17. a3 Na6 18. axb4 axb4 19. Ncxb4 Nxb4 20. Nxb4 Qb6 21. Nd5 $146 ({Predecessor:} 21. Na2 Qd4 22. Qxd4 exd4 23. Nb4 Bxe4 24. Bf3 Bxf3 25. gxf3 Rac8 26. Nd3 Rxc4 {½-½ Palencia Morales,W (2362)-Echavarria,J (2283) Feria de las Flores 28th 2021 (5)}) 21... Bxd5 22. Qxd5 Rxa1 23. Rxa1 Qxb2 24. Rd1 Be7 25. g3 Rb8 26. Qc6 Qb7 27. Bd7 g6 {[%emt 0:06:28] An uneventful encounter.   Weighted Error Value: White=0.02 (flawless) /Black=0.03 (flawless)   OK:         	White=6     	Black=7      Best:        	---       	Black=1} 1/2-1/2